 Dungeon Crawl Stone Soup version 0.21.1-1-g345015f (webtiles) character file.

24 Iko the Insei (level 3, -1/31 HPs)
             Began as a Naga Transmuter on May 13, 2018.
             Was an Initiate of Vehumet.
             Slain by a hobgoblin
             ... wielding a +0 club
              (2 damage)
             ... on level 3 of the Dungeon.
             The game lasted 00:04:54 (351 turns).

Iko the Insei (Naga Transmuter)                      Turns: 351, Time: 00:04:55

Health: -1/31      AC:  5    Str: 11 (12) XL:     3   Next: 2%
Magic:  5/6        EV:  8    Int: 10 (13) God:    Vehumet [......]
Gold:   23         SH:  0    Dex: 11 (12) Spells: 5/6 levels left

rFire    + . .     SeeInvis +   b - +0 short sword
rCold    . . .     Gourm    .   (no shield)
rNeg     . . .     Faith    .   e - +2 ring mail {rF+}
rPois    +         Spirit   .   (no helmet)
rElec    .         Reflect  .   (no cloak)
rCorr    .         Harm     .   (no gloves)
MR       .....                  (no barding)
Stlth    +.........             (no amulet)
HPRegen  0.10/turn              (no ring)
MPRegen  0.10/turn              (no ring)

@: very slightly contaminated, very slow
A: large, see invisible, deformed body, poison resistance, slowness 2, slow
metabolism 1, spit poison 1, AC +1
a: Spit Poison, Renounce Religion


You were on level 3 of the Dungeon.
You worshipped Vehumet.
Vehumet was noncommittal.
You were not hungry.

You visited 1 branch of the dungeon, and saw 3 of its levels.

You collected 23 gold pieces.

Inventory:

Hand Weapons
 b - a +0 short sword (weapon)
 f - a +0 dagger
 g - a +0 hunting sling
Missiles
 a - 12 arrows
 h - 34 stones (quivered)
Armour
 e - a +2 ring mail of fire resistance (worn)
Books
 c - a book of Changes

   Spells                             Type                      Level
   a - Beastly Appendage              Transmutation                1
   b - Sticks to Snakes               Transmutation                2
   c - Spider Form                    Transmutation/Poison         3
   d - Ice Form                       Ice/Transmutation            4
   e - Blade Hands                    Transmutation                5
Comestibles
 d - 2 rations


   Skills:
 + Level 1.1 Fighting
 + Level 1.9 Dodging
 + Level 3.5 Unarmed Combat
 + Level 2.2 Spellcasting
 + Level 2.0 Transmutations


You had 5 spell levels left.
You knew the following spells:

 Your Spells              Type           Power        Failure   Level  Hunger
a - Beastly Appendage     Tmut           #.....       32%         1    ##.....


Dungeon Overview and Level Annotations

Branches:
Dungeon (3/15)

Altars:
Vehumet


Innate Abilities, Weirdness & Mutations

You cannot wear boots.
Your serpentine skin is tough. (AC +1)
You have supernaturally acute eyesight. (SInv)
Armour fits poorly on your strangely shaped body.
Your system is resistant to poisons. (rPois)
You cover ground very slowly.
You have a slow metabolism.
You can spit poison.


Message History

f - an uncursed dagger;
g - an uncursed hunting sling;
h - 34 stones
Press: ? - help, Shift-Dir - straight line, f - hobgoblin
Aim: a hobgoblin, wielding a club The splash of poison misses the hobgoblin.
You feel slightly more hungry.
You have got your breath back.
You barely miss the hobgoblin.
The hobgoblin hits you but does no damage.
You barely miss the hobgoblin. The hobgoblin hits you with a club.
* * * LOW HITPOINT WARNING * * *
Casting: Beastly Appendage
Confirm with . or Enter, or press ? or * to list all spells.
You miscast Beastly Appendage.
You are very lightly contaminated with residual magic.
Multicoloured lights dance before your eyes!
The hobgoblin hits you with a club.
* * * LOW HITPOINT WARNING * * *
Your ring mail prevents you from hitting the hobgoblin.
The hobgoblin hits you with a club.
You die...

##### #.# #...# #.#
#...# #.# #...# #†####
####...#### #.....
.........# ######
...######...##.#
........)>(..#.#
..###.#@#..††#.#########
# #g#.##............
#.#....#.#########
#.####.#.# ... ..#.# ..#
####.# ... ..# ##.# ###


You could see a hobgoblin.

Vanquished Creatures
  An adder (D:3)
  An adder zombie (D:1)
  A worm (D:3)
  An orc (D:3)
  A bat zombie (D:1)
  A goblin (D:3)
  A kobold (D:3)
  A bat (D:2)
  A frilled lizard (D:2)
9 creatures vanquished.

Notes
Turn   | Place    | Note
-------+----------+-------------------------------------------
     0 | D:1      | Iko the Naga Transmuter began the quest for the Orb.
     0 | D:1      | Reached XP level 1. HP: 18/18 MP: 3/3
   204 | D:2      | Reached XP level 2. HP: 18/25 MP: 5/5
   208 | D:2      | Found a radiant altar of Vehumet.
   222 | D:2      | Became a worshipper of Vehumet
   342 | D:3      | Reached XP level 3. HP: 7/31 MP: 6/6
   350 | D:3      | HP: 1/31 [hobgoblin/club (2)]
   351 | D:3      | Slain by a hobgoblin

Action                   || total
-------------------------++-------
Melee: Unarmed           ||    40
       Headbutt          ||     1
       Short sword       ||     4
       Punch             ||     1
 Cast: Beastly Appendage ||     1
 Abil: Spit Poison       ||     8
  Use: Scroll            ||     1
       Potion            ||     1
Armor: Ring mail         ||    14
       Robe              ||     3
Dodge: Dodged            ||    28
